Map: Turbo Cruise '84 LE

Players

OGZest (Zest)

  • Race: Protoss Protoss
  • Spawn Location: 3:00

soO - Winner!

  • Race: Zerg Zerg
  • Spawn Location: 7:00

Event: HomeStory Cup XIX

VOD

Have the link to the VOD?

Description

Time

  • Played on: June 30, 2019, 2:39 p.m.
  • Length: 15:05

All games in this series

Show
View Real Time Build Order
Export as new Build Order

OGZest Protoss 

Build Orders: Archon Immortal 

Get SALT Encoding   

  12  0:00  Probe  
  13  0:12  Probe  
  14  0:18  Pylon  
  14  0:24  Probe  
  15  0:32  Probe  
  15  0:38  Gateway  
  15  0:40  Probe  
  16  0:48  Assimilator  
  17  0:56  Probe  
  18  1:00  Pylon  
  18  1:08  Probe  
  19  1:22  Gateway  
  20  1:28  Cybernetics Core  
  19  1:34  Zealot  
  19  1:38  Probe  
  22  1:50  Probe  
  23  2:00  Adept x2  
  23  2:02  Probe  
  24  2:14  Pylon  
  28  2:30  Cybernetics Core  
  28  2:48  Nexus  
  28  2:51  Warp Gate  
  28  2:53  Probe  
  29  3:01  Assimilator  
  29  3:05  Probe  
  26  3:13  Probe  
  26  3:17  Adept  
  31  3:20  Pylon  
  31  3:21  Probe  
  30  3:29  Robotics Facility  
  30  3:31  Probe  
  31  3:43  Probe  
  32  3:50  Stalker  
  34  3:57  Twilight Council  
  34  4:06  Pylon, Warp Prism  
  34  4:07  Probe, Gateway  
  37  4:17  Probe  
  37  4:19  Probe  
  39  4:26  Assimilator  
  39  4:30  Probe  
  40  4:31  Probe  
  40  4:37  Dark Shrine  
  41  4:42  Stalker, Probe, Observer  
  41  4:43  Probe  
  46  4:54  Pylon  
  46  4:59  Pylon  
  48  5:06  Gateway  
  46  5:07  Immortal, Gateway  
  50  5:21  Stalker  
  52  5:30  Probe x2  
  54  5:48  Dark Templar  
  54  5:49  Dark Templar  
  58  5:59  Probe x2  
  58  6:00  Assimilator  
  60  6:10  Dark Templar x2  
  60  6:11  Probe x2  
  65  6:16  Immortal  
  62  6:31  Gateway  
  62  6:32  Probe x2  
  68  6:34  Gateway  
  68  6:39  Forge  
  68  6:43  Pylon  
  68  6:46  Probe x2  
  70  6:52  Charge  
  70  6:57  Pylon  
  70  7:00  Pylon  
  70  7:08  Pylon  
  70  7:13  Immortal  
  70  7:19  Protoss Ground Weapons Level 1  
  70  7:20  Pylon  
  70  7:22  Nexus  
  70  7:24  Pylon  
  74  7:30  Sentry x3  
  74  7:31  Zealot x2  
  84  7:42  Zealot  
  86  7:48  Photon Cannon, Immortal  
  86  7:53  Dark Templar  
  86  7:54  Shield Battery  
  86  7:55  Archon  
  88  7:58  Archon  
  92  8:09  Pylon  
  92  8:10  Probe x2  
  94  8:13  Gateway  
  94  8:14  Immortal  
  94  8:15  Photon Cannon  
  94  8:26  Probe x2  
  100  8:32  Photon Cannon  
  100  8:43  Pylon  
  100  8:44  Dark Templar  
  102  8:51  Shield Battery  
  102  8:53  Probe, Pylon  
  105  9:01  Immortal  
  107  9:03  Probe x2  
  110  9:10  Templar Archives  
  110  9:11  Assimilator  
  110  9:12  Protoss Ground Weapons Level 2  
  110  9:13  Assimilator  
  110  9:16  Zealot  
  111  9:32  Immortal  
  111  9:35  Probe x2  
  111  9:37  Probe  
  110  9:40  Photon Cannon  
  110  9:45  Pylon  
  114  9:47  Probe  
  114  9:49  Psionic Storm  
  114  9:50  Probe x2  
  118  10:00  Probe  
  118  10:05  Photon Cannon  
  118  10:06  Pylon  
  118  10:10  High Templar x4  
  126  10:22  Shield Battery  
  126  10:23  Pylon  
  126  10:25  High Templar x2  
  130  10:34  Pylon  
  130  10:35  Gateway  
  130  10:37  Gateway  
  130  10:41  Photon Cannon x2  
  130  10:48  Observer  
  131  10:52  Probe x2  
  132  11:09  Observer  
  133  11:11  Dark Templar x2  
  133  11:17  Probe x2  
  139  11:25  Stargate  
  139  11:30  Observer  
  138  11:35  Stargate  
  138  11:39  Zealot  
  140  11:40  Nexus  
  140  11:42  Probe x3, Pylon  
  140  11:43  Protoss Air Weapons Level 1  
  140  11:45  Zealot x2, Pylon  
  143  11:54  Probe  
  144  12:05  Stargate  
  144  12:07  Photon Cannon  
  144  12:08  Fleet Beacon  
  144  12:09  Oracle  
  144  12:10  Photon Cannon  
  144  12:12  Photon Cannon  
  143  12:17  Protoss Ground Weapons Level 3  
  134  12:24  Probe x3  
  128  12:36  Probe x2  
  116  12:37  Zealot x8  
  116  12:43  Probe  
  133  12:46  Probe x2  
  133  12:50  Probe  
  131  12:51  Probe  
  131  12:54  Probe x2  
  131  12:58  Probe  
  134  13:00  Probe  
  134  13:02  Probe  
  134  13:03  Probe  
  134  13:05  Tempest x2  
  137  13:07  Probe  
  140  13:13  Shield Battery  
  140  13:15  Shield Battery  
  150  13:21  Probe x2  
  133  13:37  Zealot, Dark Templar x3  
  140  13:43  Dark Templar  
  137  13:52  Dark Templar x2  
  124  13:56  Probe x2  
  124  13:58  Probe x2  
  124  13:59  Observer  
  123  14:04  Probe x2  
  125  14:10  Probe x2  
  125  14:11  Assimilator  
  125  14:12  Probe x2  
  125  14:13  Observer  
  129  14:18  Observer  
  129  14:22  Probe x3  
  132  14:24  Probe  
  132  14:25  Assimilator  
  132  14:30  Probe  
  134  14:34  Probe x2  
Show
View Real Time Build Order
Export as new Build Order

soO Zerg - Winner!

Build Orders: Hatch First 

Get SALT Encoding   

  12  0:00  Drone  
  13  0:12  Overlord  
  13  0:17  Drone  
  14  0:30  Drone  
  14  0:31  Drone  
  14  0:34  Drone  
  17  0:50  Drone  
  18  1:11  Hatchery  
  18  1:13  Drone  
  18  1:17  Extractor, Spawning Pool  
  16  1:19  Drone  
  16  1:23  Drone  
  18  1:31  Drone  
  19  1:39  Overlord  
  19  1:52  Drone  
  20  2:03  Queen  
  20  2:04  Zergling x2  
  23  2:11  Zergling x2  
  24  2:16  Metabolic Boost  
  25  2:24  Zergling x2  
  26  2:41  Zergling x2  
  26  2:42  Hatchery  
  26  2:46  Hatchery  
  26  2:51  Queen  
  25  2:53  Zergling x2  
  27  3:14  Drone  
  27  3:16  Zergling x4  
  30  3:21  Overlord  
  30  3:27  Evolution Chamber  
  30  3:30  Drone  
  30  3:41  Drone x2  
  31  3:50  Drone  
  31  3:53  Zerg Melee Weapons Level 1  
  31  3:55  Zergling x4  
  33  4:08  Drone x5  
  36  4:11  Drone  
  36  4:13  Queen  
  36  4:15  Drone  
  40  4:21  Drone x2  
  42  4:27  Drone x2  
  42  4:28  Queen  
  46  4:34  Overlord  
  46  4:37  Drone  
  47  4:39  Drone  
  47  4:41  Overlord  
  48  4:46  Drone  
  48  4:47  Overlord  
  49  4:53  Drone x3  
  49  4:54  Drone  
  49  4:55  Drone  
  49  4:57  Baneling Nest  
  49  4:58  Drone  
  54  5:13  Drone  
  54  5:14  Drone x2  
  57  5:16  Zergling x8  
  61  5:23  Drone  
  61  5:24  Drone x2  
  61  5:25  Drone, Overlord  
  61  5:27  Extractor  
  64  5:29  Overlord  
  64  5:35  Lair, Overlord  
  64  5:36  Drone  
  64  5:37  Overlord  
  64  5:39  Overlord  
  65  5:44  Overlord  
  65  5:46  Drone x4  
  65  5:48  Extractor  
  68  5:52  Zergling x2  
  68  5:53  Zergling x8  
  68  5:54  Spore Crawler  
  72  5:59  Spore Crawler x2  
  72  6:01  Zergling x4  
  71  6:06  Zergling x4  
  69  6:12  Zergling x2  
  69  6:15  Zergling x4  
  69  6:18  Zergling x4  
  73  6:20  Zergling x4  
  73  6:21  Zergling x2  
  68  6:34  Overseer  
  68  6:44  Drone x7  
  75  6:48  Drone  
  75  6:49  Drone  
  77  6:58  Drone x2  
  77  6:59  Hydralisk Den  
  78  7:04  Zergling x2  
  78  7:05  Extractor  
  78  7:06  Zergling x2  
  78  7:07  Drone  
  80  7:16  Zergling x4  
  80  7:17  Overlord  
  80  7:19  Overlord  
  82  7:22  Overlord  
  82  7:29  Hydralisk x4  
  89  7:34  Hydralisk  
  90  7:38  Hydralisk x3  
  90  7:41  Overlord  
  96  7:46  Hydralisk x2  
  100  7:53  Hydralisk x2  
  100  7:58  Drone x3  
  107  7:59  Extractor  
  107  8:03  Overlord  
  107  8:04  Grooved Spines  
  105  8:07  Zergling x14  
  112  8:19  Hydralisk x3  
  118  8:26  Drone x3  
  121  8:32  Zerg Melee Weapons Level 2  
  121  8:34  Hatchery  
  121  8:39  Drone  
  121  8:43  Centrifical Hooks  
  121  8:47  Zergling x18  
  129  9:05  Drone x7  
  129  9:06  Drone x4  
  140  9:13  Baneling x11  
  140  9:14  Zergling x4  
  141  9:18  Zergling x8  
  132  9:31  Muscular Augments  
  130  9:42  Zergling x22  
  141  9:48  Baneling x5  
  141  9:49  Baneling  
  140  9:53  Zergling x10  
  140  9:59  Baneling x9  
  145  10:02  Queen  
  145  10:03  Drone  
  145  10:05  Baneling x5  
  148  10:09  Hydralisk  
  148  10:10  Zergling x2, Overlord  
  148  10:13  Overlord  
  151  10:20  Baneling x11  
  147  10:25  Drone x3, Overlord  
  147  10:27  Zergling x2, Extractor  
  147  10:28  Zergling x8, Extractor  
  150  10:30  Drone x3  
  150  10:34  Infestation Pit  
  152  10:36  Overseer  
  152  10:41  Pneumatized Carapace  
  152  10:42  Drone  
  153  10:44  Hatchery  
  153  10:47  Drone  
  153  10:48  Drone x5  
  158  10:52  Zerg Missile Weapons Level 1  
  158  11:02  Baneling x6  
  158  11:03  Drone  
  159  11:04  Overlord  
  159  11:08  Baneling, Zergling x24  
  159  11:09  Spire  
  170  11:13  Drone  
  170  11:17  Overlord  
  170  11:18  Overlord  
  171  11:19  Hive  
  171  11:23  Zergling x18  
  179  11:33  Baneling  
  179  11:34  Baneling x2, Overlord  
  179  11:35  Drone x2, Overlord  
  181  11:40  Hydralisk x3  
  184  11:55  Zergling x24  
  184  12:00  Baneling x10  
  196  12:01  Overseer  
  196  12:02  Overseer  
  196  12:04  Baneling  
  196  12:05  Baneling x4  
  195  12:11  Baneling x2  
  195  12:12  Zergling x10  
  181  12:32  Zergling x2  
  181  12:36  Zergling x42  
  180  12:41  Greater Spire  
  180  12:43  Baneling x15  
  176  12:50  Adrenal Glands  
  176  12:52  Drone  
  176  12:54  Spine Crawler, Spore Crawler  
  176  12:55  Zergling x16  
  183  13:04  Corruptor x4  
  183  13:05  Spine Crawler  
  190  13:06  Zergling x6  
  190  13:11  Drone x3, Spine Crawler  
  195  13:13  Extractor  
  194  13:20  Corruptor x3  
  162  13:56  Corruptor x5  
  163  14:06  Zergling x40  
  179  14:21  Hydralisk  
  179  14:22  Zergling x20  
  188  14:30  Baneling x7  
  188  14:33  Baneling x3  
  188  14:44  Zergling x30  
  185  14:46  Hatchery  
Tags
 
Add a new tag
Caveats
  • Supply blocks, unpowered buildings, or Contaminate may cause inaccurate times.
  • Supply counts are checked every 10 seconds.